 Dungeon Crawl Stone Soup version 0.27.1-33-g824d729ab1 (webtiles) character file.

Game seed: 1103759189566149866

706 Teslajakalope the Skirmisher (level 7, -2/63 HPs)
             Began as a Minotaur Fighter on Dec 31, 2021.
             Was a Follower of Makhleb.
             Slain by Duvessa (12 damage)
             ... on level 4 of the Dungeon.
             The game lasted 00:09:39 (3544 turns).

Teslajakalope the Skirmisher (Minotaur Fighter)     Turns: 3544, Time: 00:09:40

Health: -2/63      AC:  7    Str: 23    XL:     7   Next: 39%
Magic:  6/6        EV:  8    Int:  5    God:    Makhleb [*.....]
Gold:   151        SH: 11    Dex:  9    Spells: 6/6 levels left

rFire    . . .     SeeInvis .   a - +0 war axe
rCold    . . .     Faith    .   c - +1 kite shield
rNeg     . . .     Spirit   .   b - +0 scale mail
rPois    .         Reflect  .   (helmet restricted)
rElec    .         Harm     .   (no cloak)
rCorr    +         Rampage  .   (no gloves)
Will     .....                  (no boots)
Stlth    ..........             (no amulet)
HPRegen  0.20/turn              n - ring of resist corrosion
MPRegen  0.10/turn              (no ring)

@: no status effects
A: horns 2, retaliatory headbutt
a: Renounce Religion


You were on level 4 of the Dungeon.
You worshipped Makhleb.
Makhleb was aware of your devotion.
You visited 1 branch of the dungeon, and saw 4 of its levels.

You collected 151 gold pieces.

Inventory:

Hand Weapons
 a - a +0 war axe (weapon)
 f - a +1 vorpal spear
Missiles
 g - 6 silver javelins (quivered)
Armour
 b - a +0 scale mail (worn)
 c - a +1 kite shield (worn)
Jewellery
 n - a ring of resist corrosion (left hand)
Wands
 m - a wand of digging (9)
Scrolls
 j - 2 scrolls of amnesia {unknown}
 k - a scroll of enchant armour
 o - a scroll of identify
 q - a scroll of acquirement {unknown}
Potions
 d - a potion of might
 e - 2 potions of lignification {unknown}
 h - a potion of mutation
 i - 3 potions of haste {unknown}
 l - 2 potions of degeneration {unknown}
 p - 2 potions of brilliance {unknown}
 r - a potion of heal wounds {unknown}


   Skills:
 + Level 6.1 Fighting
 + Level 5.3 Axes
 + Level 6.0 Armour
 + Level 6.1 Shields


You had 6 spell levels left.
You didn't know any spells.
Your spell library contained the following spells:

 Spells                   Type           Power      Damage    Failure   Level
 Apportation              Tloc           0%         N/A       99%         1
 Freeze                   Ice            0%         1d3       99%         1
 Frozen Ramparts          Ice            0%         1d2       100%        3
 Gell's Gravitas          Tloc           0%         N/A       100%        3
 Teleport Other           Tloc           0%         N/A       100%        3
 Hailstorm                Conj/Ice       0%         3d3       100%        4
 Alistair's Intoxication  Tmut/Pois      0%         N/A       100%        5
 Dispersal                Tloc           0%         N/A       100%        6
 Invisibility             Hex            0%         N/A       100%        6


Dungeon Overview and Level Annotations

Branches:
Dungeon (4/15)
 Temple: D:4-7

Altars:
Kikubaaqudgha
Makhleb
Ru

Shops:
D:1 *

Annotations:
D:4 Duvessa


Innate Abilities, Weirdness & Mutations

You have a pair of horns on your head.
You reflexively headbutt those who attack you in melee.


Message History

Dowan is moderately wounded.
You hit Duvessa but do no damage. Duvessa hits you but does no damage.
Dowan says, "Magic and the sword, together, will defeat you."
You block Dowan's attack. Duvessa hits you with a +0 rapier!
You hit Dowan.
Dowan is heavily wounded.
You barely miss Duvessa. You block Dowan's attack. Duvessa barely misses you.
You block Dowan's attack. Duvessa hits you with a +0 rapier.
You barely miss Dowan. You headbutt Dowan, but do no damage.
Dowan is heavily wounded.
You hit Duvessa but do no damage. Duvessa hits you but does no damage.
You block Dowan's attack. Duvessa closely misses you. You furiously retaliate!
You headbutt Duvessa. You hit Dowan. You headbutt Dowan.
Dowan is severely wounded.
You hit Duvessa. You block Duvessa's attack. Dowan hits you with a +0 dagger.
* * * LOW HITPOINT WARNING * * *
Duvessa hits you with a +0 rapier.
* * * LOW HITPOINT WARNING * * *
Dowan barely misses you.
You miss Dowan. You headbutt Dowan.
Dowan is almost dead.
You slash Duvessa! Duvessa barely misses you.
Dowan whispers, "It won't be long now."
You block Dowan's attack. You block Duvessa's attack.
You hit Dowan.
You kill Dowan!
Makhleb accepts your kill.
Duvessa screams, "No!
How DARE you!"
Duvessa goes berserk!
You barely miss Duvessa. You block Duvessa's attack.
Duvessa closely misses you. Duvessa hits you with a +0 rapier!
* * * LOW HITPOINT WARNING * * *
Items here: ! ) [ †.
Duvessa rages.
You block Duvessa's attack.
Press: ? - help, v - describe, . - travel The floor.
Duvessa hits you with a +0 rapier!
You die...

##.....# #......####..##
#.....## #.....## ##...
##.....# #.....# ####
#......# #.....# ##.....##
#.....# ### ###
#....).####...## ##.. #.##
#..##...# ##### ##..# ##.#
#..###e.# #####..## #.# #..#
#.@# ##......## #.## #..#
#..## #........# ##.## ##..#
#...# ##.....##.. #..###†.##
#[..## ##..#...###. ##....###
##...###...#..## ## ######
##.......#...# #.
#.....###..## ##. ###
#########...# #..
#####.##########...#####...##
#..


You could see Duvessa (berserk, fast).

Vanquished Creatures
  3 necrophages (D:4)
  A scorpion (D:4)
  Dowan (D:4)
  2 wights (D:4)
  A human zombie (D:4)
  A bullfrog zombie (D:4)
  An orc priest (D:3)
  3 hound zombies (D:4)
  2 mummies (D:4)
  An ufetubus (D:4)
  A worm (D:2)
  3 dart slugs
  6 orcs
  9 endoplasms
  5 giant cockroaches
  7 goblins
  6 hobgoblins
  3 jackals (D:2)
  7 ball pythons
  4 bats
  3 frilled lizards
  6 kobolds
  7 rats
83 creatures vanquished.

Notes
Turn   | Place    | Note
-------+----------+-------------------------------------------
     0 | D:1      | Teslajakalope the Minotaur Fighter began the quest for the
                  | Orb.
     0 | D:1      | Reached XP level 1. HP: 19/19 MP: 0/0
   224 | D:1      | Found Rimisiri's Assorted Antiques.
   257 | D:1      | Reached XP level 2. HP: 27/27 MP: 1/1
   592 | D:1      | Reached XP level 3. HP: 33/33 MP: 2/2
   869 | D:2      | Found a faded altar of an unknown god.
  1061 | D:2      | Found a burning altar of Makhleb.
  1073 | D:2      | Became a worshipper of Makhleb the Destroyer
  1444 | D:3      | Reached XP level 4. HP: 16/41 MP: 3/3
  1847 | D:3      | Reached * piety under Makhleb
  2166 | D:4      | Noticed a scorpion
  2172 | D:4      | Killed a scorpion
  2173 | D:4      | Reached XP level 5. HP: 40/47 MP: 4/4
  2318 | D:4      | Noticed a necrophage
  2326 | D:4      | Killed a necrophage
  2327 | D:4      | Reached skill level 5 in Fighting
  2327 | D:4      | Reached skill level 5 in Armour
  2327 | D:4      | Reached skill level 5 in Shields
  2327 | D:4      | Reached XP level 6. HP: 50/56 MP: 5/5
  2430 | D:4      | Found an ancient bone altar of Kikubaaqudgha.
  2466 | D:4      | Reached skill level 5 in Axes
  2466 | D:4      | Reached XP level 7. HP: 57/62 MP: 6/6
  2795 | D:4      | Found a sacrificial altar of Ru.
  3165 | D:4      | Noticed Duvessa
  3165 | D:4      | Noticed Dowan
  3540 | D:4      | Killed Dowan
  3544 | D:4      | Slain by Duvessa

Illustrated notes

Levels and vault maps discovered:
D:1:      lemuel_arrival_broad_hall, layout_basic, serial_shops, shop
D:2:      layout_rooms, hellmonk_ecumenical_altar_zigzags, basic_altar
D:3:      layout_loops_ring, hex_medium
D:4:      layout_layer_cave, lemuel_doored_altar,
          lemuel_mausoleum_altar_kikubaaqudgha, uniq_duvessa

Skill      XL: |  1  2  3  4  5  6  7 |
---------------+----------------------+-----
Shields        | 4 5 6 |  6.1
Fighting       | 4 5 6 |  6.1
Armour         | 4 5 6 |  6.0
Axes           | 3 4 5 |  5.3

Action                   |  1- 3 |  4- 6 |  7- 9 || total
-------------------------+-------+-------+-------++-------
Melee: War axe           |    82 |    68 |    41 ||   191
       Headbutt          |    12 |    10 |     8 ||    30
  Use: Scroll            |       |     5 |       ||     5
Armor: Scale mail        |    38 |    28 |    12 ||    78
Dodge: Dodged            |    23 |    19 |    16 ||    58
Block: Kite shield       |    36 |    39 |    28 ||   103
